 Dungeon Crawl Stone Soup version 0.23.1 (webtiles) character file.

Game seed: 9787212199068875298

7527 Monsterracer the Cleaver (level 11, 0/130 HPs)
             Began as a Human Gladiator on Mar 8, 2019.
             Was an Initiate of Makhleb.
             Slain by a seven-headed hydra (8 damage)
             ... on level 1 of the Lair of Beasts.
             The game lasted 00:13:01 (13529 turns).

Monsterracer the Cleaver (Human Gladiator)         Turns: 13529, Time: 00:13:02

Health: 0/130      AC: 16    Str: 23    XL:     11   Next: 38%
Magic:  14/14      EV:  8    Int:  7    God:    Makhleb [......]
Gold:   493        SH:  0    Dex: 14    Spells: 10/10 levels left

rFire    . . .     SeeInvis .   b - +0 flail
rCold    . . .     Gourm    .   (no shield)
rNeg     . . .     Faith    .   i - +0 plate armour
rPois    .         Spirit   .   h - +1 helmet
rElec    .         Reflect  .   C - +0 cloak
rCorr    .         Harm     .   (no gloves)
MR       .....                  (no boots)
Stlth    ..........             F - amulet of rage
HPRegen  0.31/turn              g - ring of flight
MPRegen  0.14/turn              G - ring of stealth

@: berserking (expiring), very quick
A: dopey 1
a: Renounce Religion, Evoke Berserk Rage, Evoke Flight


You were on level 1 of the Lair of Beasts.
You worshipped Makhleb.
Makhleb was noncommittal.
You were not hungry.

You visited 3 branches of the dungeon, and saw 10 of its levels.

You collected 542 gold pieces.
You spent 49 gold pieces at shops.


Innate Abilities, Weirdness & Mutations

You are dopey. (Int -2)


   Skills:
 + Level 8.4 Fighting
 * Level 11.8 Axes
 - Level 2.0 Throwing
 + Level 7.2 Armour
 - Level 3.0 Dodging
 + Level 2.9 Invocations
 + Level 4.5 Evocations


You had 10 spell levels left.
You didn't know any spells.
Your spell library contained the following spells:

 Spells                   Type           Power        Failure   Level  Hunger
 Confusing Touch          Hex            #.....       100%        1    ##.....
 Flame Tongue             Conj/Fire      #....        100%        1    ##.....
 Throw Flame              Conj/Fire      #.....       100%        2    ###....
 Confuse                  Hex            #.......     100%        3    ####...
 Conjure Flame            Conj/Fire      #.......     100%        3    ####...
 Gell's Gravitas          Tloc           #.........   100%        3    ####...
 Inner Flame              Hex/Fire       #.......     100%        3    ####...
 Petrify                  Tmut/Erth      #.......     100%        4    #####..
 Sticky Flame             Conj/Fire      #.......     100%        4    #####..
 Fireball                 Conj/Fire      #.........   100%        5    ######.
 Metabolic Englaciation   Hex/Ice        #.........   100%        5    ######.
 Yara's Violent Unravell  Hex/Tmut       #.........   100%        5    ######.

Inventory:

Hand Weapons
 a - a +1 war axe
 b - a +0 flail (weapon)
   (You took it off an orc on level 5 of the Dungeon)
Missiles
 D - 3 throwing nets (quivered) {!f}
Armour
 h - a +1 helmet (worn)
 i - a +0 plate armour (worn)
   (You found it on level 1 of the Dungeon)
 n - a scarf of cloud immunity
   (You found it on level 2 of the Dungeon)
 C - a +0 cloak (worn)
   (You found it on level 5 of the Dungeon)
Jewellery
 g - a ring of flight (left hand)
   (You found it on level 1 of the Dungeon)
 F - an amulet of rage (around neck)
   (You took it off an orc on level 7 of the Dungeon)
 G - a ring of stealth (right hand)
   (You found it on level 8 of the Dungeon)
Wands
 v - a wand of enslavement (7)
   (You found it on level 4 of the Dungeon)
 y - a wand of paralysis (2)
   (You found it on level 4 of the Dungeon)
 z - a wand of iceblast (8)
   (You found it on level 6 of the Dungeon)
 B - a wand of scattershot (5)
   (You found it on level 1 of the Lair of Beasts)
Scrolls
 l - a scroll of enchant armour
 m - a scroll of magic mapping
 o - a scroll of amnesia
 p - 2 scrolls of enchant weapon
 r - 11 scrolls of remove curse
 t - a scroll of teleportation {!r}
 u - a scroll of immolation {!r}
 A - a scroll of fog
 X - a scroll of blinking
Potions
 d - 3 potions of heal wounds
 e - 5 potions of curing
 k - a potion of might
 q - 2 potions of flight {unknown}
 s - a potion of berserk rage {!q}
 w - 2 potions of brilliance {unknown}
 x - 3 potions of ambrosia {!q}
 E - a potion of lignification {unknown}
Comestibles
 c - 7 rations

Dungeon Overview and Level Annotations

Branches:
Dungeon (8/15)             Temple (1/1) D:6            Lair (1/6) D:8

Altars:
Ashenzari
Cheibriados
Dithmenos
Elyvilon
Fedhas
Gozag
Hepliaklqana
Makhleb
Nemelex Xobeh
Okawaru
Qazlal
Ru
Sif Muna
Trog
Uskayaw
Vehumet
Wu Jian
Xom
Yredelemnul
Zin
The Shining One

Shops:
D:6

* #.#.#####..# #####
###.## #P.## ####...>
##..###..P###....##.
####.#..#..............
#...........###......##
####?....#.####....###
##.......##....P#
#......##...#.##
##@###.##.#####
#.D..##...#
.......#.###
#.........[.
#.....####### .......#
#.......# #......#.


You could see a seven-headed hydra.


Message History

The water moccasin bites you but does no damage. x2
A water moccasin is nearby!
Your plate armour prevents you from hitting the water moccasin.
The water moccasin is severely wounded.
The water moccasin completely misses you.
A water moccasin is nearby!
You slash the water moccasin!
You kill the water moccasin!
Makhleb accepts your kill.
No target in view!
Things that are here:
a water moccasin corpse; a hippogriff corpse; Health restored: 87 A seven-headed hydra comes into view.
The seven-headed hydra roars!
A seven-headed hydra is nearby!
You are now empty-handed.
Wield which item (- for none, * to show all)? (? for menu, Esc to quit)
x - a +0 flail (weapon)
Adjust (i)tems, (s)pells, or (a)bilities?
Adjust which item? (? for menu, Esc to quit)
x - a +0 flail (weapon)
Adjust to which letter? (? for menu, Esc to quit)
b - a +0 flail (weapon);
x - 3 potions of ambrosia {!q} A red film seems to cover your vision as you go berserk!
You feel yourself moving faster!
You feel mighty!
You feel a lot more hungry.
You now have 130/130 hp.
You swing at nothing.
You feel a strong urge to attack something.
You barely miss the seven-headed hydra.
Your plate armour prevents you from hitting the seven-headed hydra.
The seven-headed hydra bites you!
The seven-headed hydra bites you but does no damage.
The seven-headed hydra barely misses you. x2
The seven-headed hydra bites you. The seven-headed hydra bites you! x2
You take 30 damage, and have 100/130 hp.
MASSIVE DAMAGE!!
You sock the seven-headed hydra!
The seven-headed hydra is lightly wounded.
The seven-headed hydra closely misses you.
The seven-headed hydra bites you. x2
The seven-headed hydra bites you but does no damage. x3
The seven-headed hydra bites you.
You take 8 damage, and have 92/130 hp.
You sock the seven-headed hydra!
The seven-headed hydra is moderately wounded.
Your plate armour prevents you from hitting the seven-headed hydra.
The seven-headed hydra is moderately wounded.
The seven-headed hydra bites you but does no damage.
The seven-headed hydra bites you.
The seven-headed hydra barely misses you.
The seven-headed hydra bites you but does no damage. x2
The seven-headed hydra barely misses you.
The seven-headed hydra bites you but does no damage.
You take 2 damage, and have 91/130 hp.
You sock the seven-headed hydra!
The seven-headed hydra is heavily wounded.
The seven-headed hydra bites you.
The seven-headed hydra bites you but does no damage.
The seven-headed hydra bites you. The seven-headed hydra bites you!
The seven-headed hydra bites you but does no damage. x2
The seven-headed hydra bites you!
You take 25 damage, and have 66/130 hp.
You completely miss the seven-headed hydra.
The seven-headed hydra is heavily wounded.
You sock the seven-headed hydra!
The seven-headed hydra is severely wounded.
The seven-headed hydra bites you but does no damage.
The seven-headed hydra bites you.
The seven-headed hydra bites you but does no damage.
The seven-headed hydra bites you!
* * * LOW HITPOINT WARNING * * *
The seven-headed hydra bites you.
* * * LOW HITPOINT WARNING * * *
The seven-headed hydra bites you but does no damage. x2
You take 14 damage, and have 52/130 hp.
You sock the seven-headed hydra!
The seven-headed hydra is severely wounded.
The seven-headed hydra bites you!
* * * LOW HITPOINT WARNING * * *
The seven-headed hydra bites you but does no damage.
The seven-headed hydra bites you!
* * * LOW HITPOINT WARNING * * *
The seven-headed hydra bites you.
* * * LOW HITPOINT WARNING * * *
The seven-headed hydra bites you but does no damage.
The seven-headed hydra bites you.
* * * LOW HITPOINT WARNING * * *
The seven-headed hydra bites you!
* * * LOW HITPOINT WARNING * * *
You take 35 damage, and have 17/130 hp.
MASSIVE DAMAGE!!
You sock the seven-headed hydra!
The seven-headed hydra is almost dead.
The seven-headed hydra bites you but does no damage.
The seven-headed hydra bites you.
* * * LOW HITPOINT WARNING * * *
The seven-headed hydra bites you.
* * * LOW HITPOINT WARNING * * *
The seven-headed hydra barely misses you.
The seven-headed hydra bites you!
You die...

Skill      XL: |  1  2  3  4  5  6  7  8  9 10 11 |
---------------+----------------------------------+-----
Axes           | 4 5 6 7 8 10 11 | 11.8
Fighting       | 3 4 5 6 8 |  8.4
Armour         | 1 2 3 5 6 7 |  7.2
Evocations     | 3 4 |  4.5
Invocations    | 1 2 |  2.9
Throwing       | |  2.0
Dodging        | |  3.0

Action                   |  1- 3 |  4- 6 |  7- 9 | 10-12 || total
-------------------------+-------+-------+-------+-------++-------
Melee: War axe           |   107 |   227 |   360 |   229 ||   923
       Flail             |       |       |       |    10 ||    10
Throw: Throwing net      |       |       |     3 |     5 ||     8
 Abil: Evoke Berserk Rag |       |       |       |     6 ||     6
       Evoke Flight      |       |       |       |     2 ||     2
Evoke: Wand              |       |     3 |       |     1 ||     4
  Use: Scroll            |       |     9 |     4 |     5 ||    18
       Potion            |       |       |     2 |     1 ||     3
 Stab: Paralysed         |       |     5 |       |       ||     5
       Held in net/web   |       |       |       |     1 ||     1
  Eat: Chunk             |     1 |    10 |    16 |     6 ||    33
       Ration            |       |       |       |     4 ||     4
Armor: Leather armour    |     8 |       |       |       ||     8
       Scale mail        |    44 |    96 |       |       ||   140
       Plate armour      |       |     5 |   296 |   210 ||   511
Dodge: Dodged            |    74 |   144 |   118 |    98 ||   434

Levels and vault maps discovered:
D:1:      erik_arrival_cave_to_civilisation [erik_arrival_cave_to_hall],
          layout_loops_corners
D:2:      kennysheep_six_static_rooms, layout_basic
D:3:      layout_loops_ring, lemuel_doored_altar, vehumet_crystals,
          nicolae_overflow_hidden_temple, first_ration, minmay_misc_feat_square
D:4:      layout_loops_ring, dancing_weapons_uskayaw, hangedman_glass_teeth,
          uniq_robin
D:5:      layout_basic, slow_altar_1, grunt_qazlal_sundering, kennysheep_mini,
          gammafunk_temple_overflow_claw, uniq_grinder
D:6:      layout_loops_ring, temple_statues, serial_shops, shop
D:7:      layout_rooms, uniq_pikel
D:8:      minmay_bloctagon_deflated, layout_rooms, kennysheep_mini_moat,
          due_lair_maze_entry_diamond, uniq_harold
Temple:   compressed_dpeg_circular_temple
Lair:1:   minmay_lair_oklob_tunnel, layout_misc_corridors, beast_lair_carwin_1

Notes
Turn   | Place    | Note
-------+----------+-------------------------------------------
     0 | D:1      | Monsterracer the Human Gladiator began the quest for the
                  | Orb.
     0 | D:1      | Reached XP level 1. HP: 16/16 MP: 1/1
    98 | D:1      | Reached XP level 2. HP: 15/22 MP: 2/2
   694 | D:1      | Reached XP level 3. HP: 28/28 MP: 3/3
  1239 | D:2      | Reached skill level 4 in Axes
  1424 | D:2      | Reached XP level 4. HP: 25/34 MP: 4/4
  2494 | D:3      | Reached XP level 5. HP: 22/41 MP: 5/5
  2759 | D:3      | Found a radiant altar of Vehumet.
  2932 | D:3      | Reached skill level 5 in Axes
  3098 | D:3      | Found a blossoming altar of Fedhas.
  3404 | D:4      | Noticed Robin
  3428 | D:4      | Reached XP level 6. HP: 27/47 MP: 6/6
  3434 | D:4      | Killed Robin
  3575 | D:4      | Noticed a +0 dagger
  3576 | D:4      | Found a hide-covered altar of Uskayaw.
  3576 | D:4      | Noticed a +0 dagger
  4262 | D:5      | Entered Level 5 of the Dungeon
  4271 | D:5      | Reached skill level 6 in Axes
  4274 | D:5      | Got a brightly glowing rapier
  4277 | D:5      | Identified the +4 rapier "Dewaitya" {pain, *Contam rN+ MP+9
                  | Str+4} (You found it on level 5 of the Dungeon)
  4282 | D:5      | HP: 24/48 [poisoned by a worker ant]
  4287 | D:5      | HP: 22/48 [poisoned by a worker ant]
  4292 | D:5      | HP: 21/48 [poisoned by a worker ant]
  4292 | D:5      | Gained mutation: You are dopey. (Int -2) [mutagenic glow]
  4299 | D:5      | HP: 20/48 [poisoned by a worker ant]
  4306 | D:4      | HP: 19/48 [poisoned by a worker ant]
  4552 | D:5      | Noticed an orc warrior
  4576 | D:4      | HP: 22/48 [orc warrior/+0 long sword (3)]
  4591 | D:4      | HP: 11/48 [orc warrior/+0 long sword (13)]
  4840 | D:4      | Killed an orc warrior
  4840 | D:4      | Reached skill level 1 in Armour
  4840 | D:4      | Reached XP level 7. HP: 55/55 MP: 7/7
  4938 | D:5      | HP: 26/55 [scorpion (3)]
  4940 | D:5      | HP: 12/55 [orc priest/+0 mace (2)]
  5251 | D:5      | Found a snail-covered altar of Cheibriados.
  5251 | D:5      | Noticed Grinder
  5536 | D:5      | Reached skill level 7 in Axes
  5536 | D:5      | Reached XP level 8. HP: 47/61 MP: 8/8
  5752 | D:5      | Found a basalt altar of Yredelemnul.
  5752 | D:5      | Found a white marble altar of Elyvilon.
  5752 | D:5      | Found an opulent altar of Gozag.
  5787 | D:5      | Found an iron altar of Okawaru.
  5972 | D:5      | Reached skill level 5 in Fighting
  6074 | D:5      | Paralysed by Grinder for 5 turns
  6103 | D:5      | HP: 26/62 [Grinder/nerve-wracking pain (9)]
  6104 | D:5      | Killed Grinder
  6303 | D:3      | Found a sacrificial altar of Ru.
  6514 | D:5      | Found a stormy altar of Qazlal.
  6600 | D:5      | Reached skill level 8 in Axes
  6601 | D:5      | HP: 31/62 [poisoned by an orc wizard]
  6606 | D:5      | HP: 18/62 [poisoned by an orc wizard]
  6946 | D:6      | Found Ynkud's General Store.
  6950 | D:6      | Bought a scroll of immolation for 49 gold pieces
  6959 | D:6      | HP: 28/63 [orc warrior/+0 long sword (11)]
  6979 | D:6      | HP: 30/63 [orc warrior/+0 long sword (3)]
  7204 | D:6      | Found a staircase to the Ecumenical Temple.
  7248 | D:6      | Reached XP level 9. HP: 61/69 MP: 9/9
  7285 | Temple   | Entered the Ecumenical Temple
  7964 | D:7      | Noticed a hippogriff
  7990 | D:6      | HP: 27/69 [orc warrior/+0 antimagic hand axe (8)]
  8295 | D:7      | Noticed Pikel
  8320 | D:7      | Killed Pikel
  8320 | D:7      | Reached skill level 9 in Axes
  8529 | D:7      | HP: 34/71 [adder (4)]
  8534 | D:7      | HP: 28/71 [poisoned by an adder]
  8540 | D:7      | HP: 27/71 [poisoned by an adder]
  8544 | D:8      | HP: 13/71 [poisoned by an adder]
  8552 | D:8      | HP: 12/71 [poisoned by an adder]
  8843 | D:8      | Reached skill level 5 in Armour
  9036 | D:7      | Killed a hippogriff
  9036 | D:7      | Reached skill level 10 in Axes
  9458 | D:8      | Noticed Harold
  9463 | D:7      | Reached XP level 10. HP: 43/77 MP: 10/10
  9463 | D:7      | HP: 32/77 [porcupine's spines (11)]
  9764 | D:7      | HP: 39/79 [porcupine (4)]
  9768 | D:7      | Reached skill level 1 in Evocations
  9953 | D:8      | Found a staircase to the Lair.
  9962 | D:8      | Killed Harold
 10403 | D:8      | Noticed an efreet
 10413 | D:8      | HP: 34/80 [killer bee (7)]
 10418 | D:8      | HP: 26/80 [poisoned by a killer bee]
 10420 | D:8      | HP: 2/80 [wyvern (12)]
 10470 | D:8      | HP: 15/80 [howler monkey (3)]
 10473 | D:8      | Reached skill level 11 in Axes
 10581 | D:8      | HP: 32/80 [wyvern (8)]
 10583 | D:8      | HP: 4/80 [wyvern (12)]
 11070 | D:8      | Found a burning altar of Makhleb.
 11098 | D:8      | Became a worshipper of Makhleb the Destroyer
 11106 | D:8      | HP: 31/80 [efreet/bolt of fire (29)]
 11111 | D:8      | Killed an efreet
 11545 | Lair:1   | Entered Level 1 of the Lair of Beasts
 11686 | Lair:1   | Noticed a komodo dragon
 11700 | Lair:1   | HP: 36/80 [komodo dragon (20)]
 11702 | Lair:1   | Killed a komodo dragon
 11702 | Lair:1   | Reached skill level 1 in Invocations
 11702 | Lair:1   | Reached XP level 11. HP: 39/86 MP: 13/13
 12058 | Lair:1   | HP: 42/86 [poisoned by a black mamba]
 12063 | Lair:1   | HP: 34/86 [poisoned by a black mamba]
 12068 | Lair:1   | HP: 26/86 [poisoned by a water moccasin]
 12073 | Lair:1   | HP: 17/86 [poisoned by a water moccasin]
 12078 | Lair:1   | HP: 11/86 [poisoned by a water moccasin]
 12084 | Lair:1   | HP: 8/86 [poisoned by a water moccasin]
 12089 | Lair:1   | HP: 5/86 [poisoned by a water moccasin]
 12094 | Lair:1   | HP: 4/86 [poisoned by a water moccasin]
 12099 | Lair:1   | HP: 3/86 [poisoned by a water moccasin]
 12107 | Lair:1   | HP: 3/86 [poisoned by a water moccasin]
 12451 | Lair:1   | HP: 64/129 [poisoned by a spiny frog]
 12456 | Lair:1   | HP: 38/86 [poisoned by a spiny frog]
 12461 | Lair:1   | HP: 32/86 [poisoned by a spiny frog]
 12466 | Lair:1   | HP: 28/86 [poisoned by a spiny frog]
 12472 | Lair:1   | HP: 27/86 [poisoned by a spiny frog]
 12478 | Lair:1   | HP: 27/86 [poisoned by a spiny frog]
 12491 | Lair:1   | HP: 24/86 [basilisk (5)]
 12497 | Lair:1   | HP: 20/86 [basilisk (4)]
 12658 | Lair:1   | HP: 56/129 [komodo dragon (21)]
 12663 | Lair:1   | HP: 38/129 [komodo dragon (19)]
 13071 | Lair:1   | HP: 36/87 [spiny frog (13)]
 13514 | Lair:1   | Noticed a seven-headed hydra
 13527 | Lair:1   | HP: 57/130 [seven-headed hydra (9)]
 13528 | Lair:1   | HP: 27/130 [seven-headed hydra (3)]
 13529 | Lair:1   | HP: 12/130 [seven-headed hydra (5)]
 13529 | Lair:1   | Slain by a seven-headed hydra

Vanquished Creatures
  Harold (D:8)
  Pikel (D:7)
  2 spiny frogs (Lair:1)
  An efreet (D:8)
  3 komodo dragons (Lair:1)
  4 hippogriffs (D:7 D:8 Lair:1)
  Grinder (D:5)
  A wyvern (D:8)
  A basilisk (Lair:1)
  3 water moccasins (Lair:1)
  6 porcupines (D:7 D:8 Lair:1)
  3 orc warriors (D:4 D:6)
  A phantom (D:5)
  2 sky beasts (D:8)
  3 slaves (D:7)
  A black bear (D:8)
  A necrophage (D:5)
  An ogre (D:6)
  A centaur (D:7)
  2 crocodiles (D:6 Lair:1)
  5 bullfrogs (D:7 D:8 Lair:1)
  2 scorpions (D:5)
  A killer bee (D:8)
  2 howler monkeys (D:8)
  3 crimson imps (D:5 D:6 D:8)
  6 hounds (D:3 D:4 D:5 D:7 D:6)
  A centaur skeleton (D:8)
  A jelly (D:8)
  6 orc priests (D:5 D:6 D:8 D:7)
  A bullfrog skeleton (D:7)
  3 orc wizards (D:5)
  An iguana (D:4)
  4 worker ants (D:5 D:7)
  A mummy (D:5)
  Robin (D:4)
  A howler monkey skeleton (D:4)
  6 adders (D:2 D:3 D:4 D:7)
  2 shadow imps (D:6 D:8)
  3 oozes (D:3 D:6)
  4 worms (D:2 D:3 D:4)
  3 adder skeletons (D:4 D:5 D:8)
  A dart slug (D:2)
  4 leopard geckos (D:2 D:6 D:7)
  35 orcs (D:3 D:4 D:5 D:6 D:7)
  2 ball pythons (D:1 D:2)
  4 giant cockroaches (D:1 D:4 D:5)
  15 goblins (D:1 D:2 D:3 D:4)
  9 hobgoblins (D:1 D:2 D:4)
  6 jackals (D:1 D:4)
  5 quokkas (D:2 D:6 D:8)
  10 bats (D:1 D:2 D:3)
  3 frilled lizards (D:1 D:3)
  A giant cockroach zombie (D:5)
  8 kobolds (D:1 D:2 D:3)
  A leopard gecko skeleton (D:8)
  A quokka skeleton (D:6)
  5 rats (D:1 D:2 D:3)
  3 fungi (D:8 Lair:1)
209 creatures vanquished.

Vanquished Creatures (collateral kills)
  A komodo dragon (Lair:1)
1 creature vanquished.

Vanquished Creatures (others)
  A black mamba (Lair:1)
  An orc wizard (D:7)
  An orc (D:7)
  3 fungi (D:8 Lair:1)
6 creatures vanquished.

Grand Total: 216 creatures vanquished

Table legend:
 A = Turns spent in this place as a percentage of turns spent in the entire game.
 B = Non-inter-level travel turns spent in this place as a percentage of non-inter-level travel turns spent in the entire game.
 C = Inter-level travel turns spent in this place as a percentage of turns spent in this place.
 D = Turns resting spent in this place as a percentage of non-inter-level travel turns spent in this place.
 E = Turns spent auto-exploring this place as a percentage of non-inter-level travel turns spent in this place.
 F = Non-inter-level travel turns spent in this place divided by the number of levels of this place that you've seen.
                   A       B       C       D       E      F
               +-------+-------+-------+-------+-------+----------------------
         Total | 100.0 | 100.0 |   4.5 |  16.6 |  67.9 | 1292.1
       Dungeon |  84.7 |  84.1 |   5.2 |  17.1 |  66.9 | 1357.6
        Temple |   0.7 |   0.6 |  16.5 |   0.0 |  98.7 |  76.0
          Lair |  14.7 |  15.4 |   0.0 |  14.5 |  72.3 | 1984.0
               +-------+-------+-------+-------+-------+----------------------

Table legend:
 A = Non-vault XP
 B = Vault XP
 C = Vault XP percentage of total XP
 D = Non-vault monster count
 E = Vault monster count
 F = Vault count percentage of total count
                 A         B        C        D         E       F
            +---------+---------+-------+---------+---------+-------
      Total |    5666 |    5088 |  47.3 |     168 |      36 |  17.6
            +---------+---------+-------+---------+---------+-------
        D:1 |      41 |       2 |   4.7 |      26 |       2 |   7.1
        D:2 |      50 |      17 |  25.4 |      15 |       6 |  28.6
        D:3 |      93 |       0 |   0.0 |      15 |       0 |   0.0
        D:4 |     333 |      29 |   8.0 |      18 |       8 |  30.8
        D:5 |     881 |     267 |  23.3 |      28 |       2 |   6.7
        D:6 |     564 |     101 |  15.2 |      19 |       1 |   5.0
        D:7 |     749 |    1289 |  63.2 |      22 |       5 |  18.5
        D:8 |     910 |    2095 |  69.7 |      15 |       8 |  34.8
     Lair:1 |    2045 |    1288 |  38.6 |      10 |       4 |  28.6
            +---------+---------+-------+---------+---------+-------
